 Dungeon Crawl Stone Soup version 0.31-a0-1338-gb567cfdca4 (webtiles) character file.

Game seed: 15705642344932581592

18452 Bootch the Slicer (level 12, -11/110 HPs)
             Began as a Minotaur Fighter on Dec 22, 2023.
             Was a Priest of the Shining One.
             Killed from afar by an eleionoma (32 damage)
             ... with a spray of wooden splinters
             ... on level 2 of the Lair of Beasts on Dec 23, 2023.
             The game lasted 00:35:45 (13788 turns).

Bootch the Slicer (Minotaur Fighter)               Turns: 13788, Time: 00:35:45

Health: -11/110    AC: 20    Str: 25    XL:     12   Next: 27%
Magic:  0/11       EV:  9    Int:  5    God:    the Shining One [***...]
Gold:   568        SH:  6    Dex:  8    Spells: 11/11 levels left

rFire   + . .        f - +12 short sword of Green Tenacity {freeze, rElec rF+ Dex-3}
rCold   . . .        c - +0 buckler
rNeg    + . .        k - +1 chain mail
rPois   +            (helmet restricted)
rElec   +            M - +0 cloak
rCorr   .            E - +1 pair of gloves
SInv    +            L - +2 pair of boots {Fly}
Will    .....        g - amulet of guardian spirit Stlth
                     t - ring of poison resistance
HPRegen 0.38/turn    v - ring of see invisible
MPRegen 0.12/turn

%: guardian spirit
@: flying, hasted, glowing, very quick
A: horns 2, retaliatory headbutt, hooves 1
a: Renounce Religion, Divine Shield, Cleansing Flame


You were on level 2 of the Lair of Beasts.
You worshipped the Shining One.
The Shining One was most pleased with you.
You visited 3 branches of the dungeon, and saw 15 of its levels.

You collected 915 gold pieces.
You spent 347 gold pieces at shops.

Inventory:

Hand Weapons
 a - a +3 war axe
 f - the +12 short sword of Green Tenacity (weapon) {freeze, rElec rF+ Dex-3}
   (You took it off a centaur on level 6 of the Dungeon)

   Dex-3:     It affects your dexterity (-3).
   rF+:       It protects you from fire.
   rElec:     It insulates you from electricity.
Missiles
 j - 6 boomerangs
 o - 6 throwing nets
 p - 22 poisoned darts
 z - 9 javelins (quivered)
Armour
 c - a +0 buckler (worn)
 k - a +1 chain mail (worn)
 E - a +1 pair of gloves (worn)
 L - a +2 pair of boots of flying (worn)
 M - a +0 cloak (worn)
Jewellery
 g - an amulet of guardian spirit (around neck)
 t - a ring of poison resistance (left hand)
 v - a ring of see invisible (right hand)
 C - a ring of protection from fire
Wands
 r - a wand of roots (48)
 s - a wand of paralysis (3)
 u - a wand of flame (27)
 w - a wand of polymorph (5)
Scrolls
 b - 8 scrolls of fog
 i - a scroll of vulnerability
 l - a scroll of enchant armour
 m - 2 scrolls of amnesia
 y - 5 scrolls of revelation
 A - a scroll of summoning
 H - a scroll of immolation
 J - 3 scrolls of teleportation
 P - a scroll of blinking
Potions
 d - 3 potions of enlightenment {unknown}
 e - 2 potions of mutation
 h - 8 potions of curing
 n - 6 potions of attraction
 q - a potion of invisibility
 x - a potion of lignification
 B - a potion of haste
 D - a potion of brilliance


   Skills:
 + Level 11.2 Fighting
 * Level 11.4 Short Blades
 - Level 6.3 Axes
 - Level 7.5 Throwing
 + Level 11.1 Armour
 + Level 11.1 Shields


You had 11 spell levels left.
You didn't know any spells.
Your spell library contained the following spells:

 Spells                   Type           Power      Damage    Failure   Level
 Apportation              Tloc           0%         N/A       93%         1
 Kiss of Death            Conj/Necr      0%         2d5       93%         1
 Magic Dart               Conj           0%         1d3       93%         1
 Necrotise                Necr           0%         1d4       93%         1
 Slow                     Hex            0%         N/A       93%         1
 Sting                    Conj/Alch      0%         1d3       93%         1
 Summon Small Mammal      Summ           0%         N/A       93%         1
 Blink                    Tloc           0%         N/A       98%         2
 Call Imp                 Summ           0%         N/A       98%         2
 Cigotuvi's Dreadful Rot  Necr/Alch/Air  0%         N/A       98%         2
 Jinxbite                 Hex            0%         N/A       98%         2
 Lesser Beckoning         Tloc           0%         N/A       98%         2
 Momentum Strike          Conj/Tloc      0%         3d8       98%         2
 Searing Ray              Conj           0%         2d4       98%         2
 Confusing Touch          Hex            0%         N/A       100%        3
 Sigil of Binding         Hex            0%         N/A       100%        3
 Summon Guardian Golem    Hex/Summ       0%         N/A       100%        3
 Vampiric Draining        Necr           0%         2d6       100%        3
 Brom's Barrelling Bould  Conj/Erth      0%         2d3       100%        4
 Cause Fear               Hex            0%         N/A       100%        4
 Dispel Undead            Necr           0%         3d6       100%        4
 Fulminant Prism          Conj/Alch      0%         3d5       100%        4
 Ignite Poison            Fire/Alch      0%         N/A       100%        4
 Passage of Golubria      Tloc           0%         N/A       100%        4
 Alistair's Intoxication  Alch           0%         N/A       100%        5
 Fireball                 Conj/Fire      0%         3d3       100%        5
 Freezing Cloud           Conj/Ice/Air   0%         6-21      100%        5
 Iskenderun's Battlesphe  Conj           0%         2d6       100%        5
 Silence                  Hex/Air        0%         N/A       100%        5
 Summon Forest            Summ/Tloc      0%         N/A       100%        5
 Conjure Ball Lightning   Conj/Air       0%         3x3d6     100%        6
 Eringya's Noxious Bog    Alch           0%         4d6       100%        6
 Orb of Destruction       Conj           0%         9d5       100%        7
 Spellforged Servitor     Conj/Summ      0%         N/A       100%        7
 Summon Hydra             Summ           0%         N/A       100%        7
 Lehudib's Crystal Spear  Conj/Erth      0%         10d2      100%        8
 Dragon's Call            Summ           0%         N/A       100%        9


Dungeon Overview and Level Annotations

Branches:
Dungeon (12/15)            Temple (1/1) D:5            Lair (2/5) D:9
  Swamp (0/4) Lair:2          Orc (0/2) D:10
  Snake: Lair:2-3    Spider: Lair:2-3

Altars:
Ashenzari
Cheibriados
Dithmenos
Elyvilon
Fedhas
Gozag
Hepliaklqana
Kikubaaqudgha
Makhleb
Nemelex Xobeh
Okawaru
Qazlal
Ru
Sif Muna
Trog
Uskayaw
Vehumet
Wu Jian
Xom
Yredelemnul
Zin
The Shining One

Shops:
D:8 [


Innate Abilities, Weirdness & Mutations

You have a pair of horns on your head.
You reflexively headbutt those who attack you in melee.
You have large cloven feet.


Message History

The eleionoma is moderately wounded.
You puncture the eleionoma! You freeze the eleionoma.
The eleionoma is heavily wounded.
The eleionoma hits you!
You puncture the eleionoma! You freeze the eleionoma.
The eleionoma is severely wounded.
The eleionoma hits you but does no damage.
You puncture the eleionoma! You freeze the eleionoma.
You headbutt the eleionoma!
The eleionoma is almost dead.
You hit the eleionoma but do no damage.
The eleionoma is almost dead.
The eleionoma touches a tree and draws upon its vitality.
The eleionoma is healed.
You barely miss the eleionoma.
The eleionoma is moderately wounded.
You hit the eleionoma. You freeze the eleionoma.
The eleionoma is moderately wounded.
The eleionoma hits you but does no damage.
You puncture the eleionoma! You freeze the eleionoma.
The eleionoma is heavily wounded.
You feel yourself speed up.
The eleionoma hits you but does no damage.
You hit the eleionoma but do no damage. You headbutt the eleionoma!
The eleionoma is heavily wounded.
You puncture the eleionoma! You freeze the eleionoma.
The eleionoma is severely wounded.
The eleionoma hurls a spray of splinters at you.
The spray of wooden splinters hits you!!
* * * LOW HITPOINT WARNING * * *
You hit the eleionoma. You freeze the eleionoma.
You headbutt the eleionoma, but do no damage.
The eleionoma is severely wounded.
You hit the eleionoma. You freeze the eleionoma.
The eleionoma is severely wounded.
You hit the eleionoma. You freeze the eleionoma.
The eleionoma is severely wounded.
The eleionoma hurls a spray of splinters at you.
The spray of wooden splinters hits you!!
You die...

#... ♣ ##..## .♣ ♣#
#....# ♣♣ ♣§ .♣
###..######## #.♣ § .
##..#P#.... .. ♣.♣§♣~
##....P.... ....♣.♣.♣
###..........
.....♣$.♣###P#.#........
......R@##.#........##..
...................#####
..................## #
.......P##..#..#.##
######.####.###### ##
###


You could see an eleionoma.

Vanquished Creatures
  Frances (D:12)
  Snorg (D:11)
  Erolcha (D:10)
  A catoblepas (Lair:1)
  A centaur warrior (D:9)
  A two-headed ogre (D:8)
  Urug (D:11)
  Nergalle (D:12)
  2 ugly things
  Maurice (D:11)
  3 cyclopes
  A manticore (D:11)
  A gargoyle (D:12)
  A black mamba (Lair:2)
  A cane toad (Lair:2)
  An unseen horror (D:12)
  A rime drake (Lair:1)
  2 komodo dragons
  A hornet (D:11)
  A polar bear (Lair:1)
  3 trolls
  A vampire (D:10)
  3 wyverns
  2 wraiths (D:11)
  17 yaks
  3 vampire mosquitoes (D:12)
  2 acid dragons
  2 orc warriors
  2 ice beasts
  A sky beast (D:7)
  2 black bears (D:9)
  An ogre (D:5)
  4 centaurs
  A phantom (D:7)
  A kobold brigand (D:7)
  6 bullfrogs
  2 gnoll sergeants
  2 scorpions
  9 wights (D:8)
  6 killer bees (D:10)
  3 jellies
  6 hounds
  6 orc priests
  2 sleepcaps (D:8)
  4 iguanas
  Ijyb (D:3)
  14 orc wizards
  12 gnolls
  4 adders
  A shadow imp (D:6)
  2 white imps (D:7)
  2 worms
  3 dart slugs
  38 orcs
  6 ball pythons
  8 bats
  6 endoplasms
  3 giant cockroaches
  8 goblins
  6 hobgoblins
  3 quokkas
  2 frilled lizards
  8 kobolds
  6 rats
248 creatures vanquished.

Notes
Turn   | Place    | Note
-------+----------+-------------------------------------------
     0 | D:1      | Bootch the Minotaur Fighter began the quest for the Orb.
     0 | D:1      | Reached XP level 1. HP: 19/19 MP: 0/0
    55 | D:1      | Reached XP level 2. HP: 27/27 MP: 1/1
   254 | D:1      | Found a faded altar of an unknown god.
   374 | D:1      | Reached XP level 3. HP: 33/33 MP: 2/2
   626 | D:2      | Gained mutation: You have sharp toenails. [potion of
                  | mutation]
  1208 | D:3      | Reached skill level 1 in Throwing
  1279 | D:3      | Reached XP level 4. HP: 38/41 MP: 3/3
  1417 | D:3      | Reached XP level 5. HP: 47/47 MP: 4/4
  1628 | D:3      | Noticed Ijyb
  1632 | D:3      | Paralysed by Ijyb for 5 turns
  1638 | D:3      | Killed Ijyb
  1730 | D:3      | You fall into a shaft and drop 1 floor!
  2045 | D:4      | Found a hide-covered altar of Uskayaw.
  2626 | D:5      | Entered Level 5 of the Dungeon
  2653 | D:5      | Reached XP level 6. HP: 55/55 MP: 5/5
  2688 | D:5      | Noticed an ice beast
  2699 | D:5      | Killed an ice beast
  2700 | D:5      | Reached skill level 5 in Fighting
  2700 | D:5      | Reached skill level 5 in Armour
  2700 | D:5      | Reached skill level 5 in Shields
  3230 | D:5      | Found a staircase to the Ecumenical Temple.
  3268 | D:5      | Reached XP level 7. HP: 41/61 MP: 6/6
  3775 | D:5      | Reached skill level 5 in Axes
  4037 | Temple   | Entered the Ecumenical Temple
  4061 | Temple   | Became a worshipper of the Shining One
  4944 | D:7      | Reached XP level 8. HP: 70/70 MP: 7/7
  5659 | D:6      | Lost mutation: You have sharp toenails. [potion of
                  | mutation]
  5659 | D:6      | Gained mutation: You have large cloven feet. [potion of
                  | mutation]
  5686 | D:6      | Identified the +12 short sword of Green Tenacity {freeze,
                  | rElec rF+ Dex-3}
  6342 | D:8      | Reached skill level 1 in Short Blades
  6447 | D:8      | Reached skill level 5 in Throwing
  6447 | D:8      | Reached XP level 9. HP: 70/79 MP: 5/8
  6588 | D:8      | Noticed a troll
  6595 | D:8      | Killed a troll
  6648 | D:8      | Reached * piety under the Shining One
  6753 | D:8      | Found a flagged portal.
  7010 | D:8      | Found a hazy altar of Hepliaklqana.
  7013 | D:8      | Found a glowing silver altar of Zin.
  7016 | D:8      | Found an iron altar of Okawaru.
  7019 | D:8      | Found a shadowy altar of Dithmenos.
  7093 | D:8      | Noticed a two-headed ogre
  7103 | D:8      | Killed a two-headed ogre
  7104 | D:8      | Reached skill level 5 in Short Blades
  7232 | D:8      | Found Hojixop's Antique Armour Shop.
  7241 | D:8      | Bought a pair of gloves for 130 gold pieces
  7598 | D:8      | Found a blossoming altar of Fedhas.
  7844 | D:9      | Noticed a centaur warrior
  7853 | D:9      | Killed a centaur warrior
  7854 | D:9      | Reached XP level 10. HP: 70/90 MP: 3/9
  8217 | D:9      | Identified the +10 sling of Hopnozit {freeze, rPois rF+++
                  | rC- Will-}
  8463 | D:9      | Found a staircase to the Lair.
  8596 | D:10     | Entered Level 10 of the Dungeon
  8624 | D:10     | Noticed Erolcha
  8631 | D:10     | Killed Erolcha
  8972 | D:10     | Found a staircase to the Orcish Mines.
  9072 | D:10     | Reached ** piety under the Shining One
  9845 | Lair:1   | Entered Level 1 of the Lair of Beasts
  9848 | Lair:1   | Noticed a catoblepas
  9865 | Lair:1   | Killed a catoblepas
  9866 | Lair:1   | Reached XP level 11. HP: 70/97 MP: 4/10
 10049 | Lair:1   | Found a white marble altar of Elyvilon.
 10849 | D:8      | Bought a pair of runed boots for 217 gold pieces
 11287 | D:11     | Noticed Urug
 11288 | D:11     | Noticed Maurice
 11290 | D:11     | Noticed Snorg
 11299 | D:11     | Killed Urug
 11299 | D:11     | Maurice stole 265 gold
 11300 | D:11     | Reached skill level 10 in Fighting
 11306 | D:11     | Killed Snorg
 11307 | D:11     | Reached skill level 10 in Armour
 11307 | D:11     | Reached skill level 10 in Shields
 11312 | D:11     | Killed Maurice
 11393 | D:12     | Noticed Nergalle
 11400 | D:12     | Killed Nergalle
 11574 | D:11     | Reached skill level 10 in Short Blades
 11741 | D:11     | Noticed a green ugly thing
 11750 | D:11     | Killed a green ugly thing
 11983 | D:11     | Found the +4 robe of Augmentation {Str+4 Int+4 Dex+4}
 12518 | D:12     | Noticed Frances
 12538 | D:12     | The Shining One protects you from harm!
 12547 | D:12     | Killed Frances
 12548 | D:12     | Reached XP level 12. HP: 43/108 MP: 1/11
 12964 | D:12     | Reached *** piety under the Shining One
 13727 | Lair:2   | Found a staircase to the Swamp.
 13727 | Lair:2   | Noticed an eleionoma
 13788 | Lair:2   | Killed from afar by an eleionoma

Illustrated notes

Levels and vault maps discovered:
D:1:      lightli_iron_boxes, layout_rooms,
          shapermc_ecumenical_altar_totnotflames
D:2:      layout_basic, chequers_serial_rivers_large_b
D:3:      layout_basic, supply_closet_lemuel, uniq_ijyb
D:4:      layout_basic, mainiacjoe_overflow_brackets, dreamdust_wishing_well
D:5:      nicolae_BIG_FREAKIN_CUBE, layout_gridville,
          minmay_temple_entry_sparse_star
D:6:      layout_basic
D:7:      layout_layer_cave
D:8:      layout_cave_pods, grunt_temple_overflow_cloverleaf,
          fedhas_altar_fruit_tree, enter_bailey_5, serial_shops,
          nicolae_shop_behind_doors, minmay_liquid_box,
          kennysheep_generic_room_9
D:9:      layout_basic, grunt_lair_entry_orc_guard_hut,
          nicolae_elevator_lobby_plus
D:10:     layout_roguey, david_orc_3, minivault_10, nicolae_nh_ransacked_shop,
          uniq_erolcha
D:11:     layout_basic, uniq_urug, uniq_maurice, uniq_snorg
D:12:     layout_loops_cross, evilmike_butchery, uniq_frances, uniq_nergalle
Temple:   nicolae_temple_x_marks_the_god
Lair:1:   layout_chaotic_city, basic_altar
Lair:2:   layout_cave_pods, alex1729_swamp_entry_worm_eleionoma,
          minmay_snake_entry_six_corridors, grunt_megastairs_1,
          lemuel_fruit_fields

Skill      XL: |  1  2  3  4  5  6  7  8  9 10 11 12 |
---------------+-------------------------------------+-----
Shields        | 4 5 6 7 8 9 10 11 | 11.1
Fighting       | 4 5 6 7 8 9 10 11 | 11.2
Armour         | 4 5 6 7 8 9 10 11 | 11.1
Axes           | 3 4 5 6 |  6.3
Throwing       | 1 2 3 5 6 7 |  7.5
Short Blades   | 2 6 8 10 11 | 11.4

Action                     |  1- 3 |  4- 6 |  7- 9 | 10-12 || total
---------------------------+-------+-------+-------+-------++-------
  Melee: War axe           |    82 |    50 |    97 |       ||   229
         Headbutt          |     9 |     6 |    39 |   124 ||   178
         Kick              |     6 |    12 |    58 |    60 ||   136
         Short sword       |       |       |    86 |   426 ||   512
  Throw: Javelin           |     3 |    11 |     2 |       ||    16
         Dart              |       |       |       |     5 ||     5
 Invoke: Divine Shield     |       |       |       |     1 ||     1
  Evoke: Wand              |       |     1 |     2 |     1 ||     4
    Use: Scroll            |     2 |     6 |     8 |    10 ||    26
         Potion            |     1 |     1 |     5 |     9 ||    16
 Armour: Scale mail        |    16 |       |       |       ||    16
         Chain mail        |    41 |    28 |   189 |   233 ||   491
  Dodge: Dodged            |    57 |    23 |    95 |    92 ||   267
  Block: Buckler           |    21 |    10 |    34 |    71 ||   136

Table legend: (Time is in decaauts)
 A = Elapsed time spent in this place.
 B = Non-inter-level travel time spent in this place.
 C = Inter-level travel time spent in this place.
 D = Time resting spent in this place.
 E = Time spent auto-exploring this place.
 F = Levels seen in this place.
 G = Mean time per level.
                   A        B        C        D        E       F      G
               +--------+--------+--------+--------+--------+-----+--------+
         Total |  13707 |  12719 |    988 |   1588 |   9315 |  15 |  913.8 |
       Dungeon |  12393 |  11448 |    945 |   1563 |   8203 |  12 | 1032.8 |
        Temple |     34 |     30 |      4 |      0 |      0 |   1 |   34.0 |
          Lair |   1278 |   1240 |     38 |     25 |   1112 |   2 |  639.0 |
               +--------+--------+--------+--------+--------+-----+--------+

Top non-repeatable levels by time:
     D:8: 1513 daAuts
     D:5: 1462 daAuts
    D:10: 1256 daAuts
    D:12: 1192 daAuts
     D:7: 1154 daAuts
     D:9: 1108 daAuts
     D:6: 1084 daAuts
    D:11: 926 daAuts
     D:4: 902 daAuts
  Lair:1: 874 daAuts
     D:2: 751 daAuts
     D:3: 551 daAuts
     D:1: 490 daAuts
  Lair:2: 404 daAuts
  Temple: 34 daAuts
